 Dungeon Crawl Stone Soup version 0.27.0-1-g7a089689b8 (webtiles) character file.

Game seed: 18391929116933591670

133 hatdisgam the Chopper (level 4, -5/40 HPs)
             Began as a Deep Dwarf Fighter on Aug 10, 2021.
             Slain by an ogre (15 damage)
             ... on level 4 of the Dungeon.
             The game lasted 00:03:25 (2676 turns).

hatdisgam the Chopper (Deep Dwarf Fighter)          Turns: 2676, Time: 00:03:26

Health: -5/40      AC:  8    Str: 20    XL:     4   Next: 93%
Magic:  4/4        EV:  8    Int:  9    God:
Gold:   99         SH:  9    Dex: 12    Spells: 3/3 levels left

rFire    . . .     SeeInvis .   a - +0 war axe
rCold    . . .     Faith    .   c - +0 kite shield
rNeg     . . .     Spirit   .   b - +0 scale mail
rPois    .         Reflect  .   h - +0 helmet
rElec    .         Harm     .   (no cloak)
rCorr    .         Rampage  .   (no gloves)
Will     .....                  (no boots)
Stlth    ..........             (no amulet)
HPRegen  0.00/turn              (no ring)
MPRegen  0.09/turn              (no ring)

@: no status effects
A: damage resistance, heal wounds, sense surroundings 1, no regeneration
a: Heal Wounds


You were on level 4 of the Dungeon.
You visited 1 branch of the dungeon, and saw 4 of its levels.

You collected 99 gold pieces.

Inventory:

Hand Weapons
 a - a +0 war axe (weapon)
Missiles
 m - 125 stones
Armour
 b - a +0 scale mail (worn)
 c - a +0 kite shield (worn)
 h - a +0 helmet (worn)
Jewellery
 f - a ring of wizardry
 g - an amulet of guardian spirit
Scrolls
 e - a scroll of brand weapon {unknown}
 k - 2 scrolls of enchant armour {unknown}
 l - a scroll of fog {unknown}
 n - a scroll of magic mapping {unknown}
 o - a scroll of noise {unknown}
 q - a scroll of identify {unknown}
 r - a scroll of silence {unknown}
 t - a scroll of amnesia {unknown}
Potions
 d - 2 potions of might
 i - a potion of degeneration {unknown}
 j - a potion of ambrosia {unknown}
 p - 3 potions of curing {unknown}
 s - 2 potions of flight {unknown}


   Skills:
 - Level 2.6 Fighting
 * Level 4.3 Axes
 - Level 3.2 Armour
 + Level 2.2 Dodging
 + Level 4.2 Shields


You had 3 spell levels left.
You didn't know any spells.
Your spell library contained the following spells:

 Spells                   Type           Power      Damage    Failure   Level
 Beastly Appendage        Tmut           0%         N/A       99%         1
 Wereblood                Tmut           0%         N/A       100%        2
 Spider Form              Tmut/Pois      0%         N/A       100%        3


Dungeon Overview and Level Annotations

Branches:
Dungeon (4/15)
 Temple: D:4-7

Altars:
Hepliaklqana
Ru


Innate Abilities, Weirdness & Mutations

You are resistant to damage.
You can heal yourself by infusing magical energy.
You passively map a small area around you.
You do not regenerate.


Message History

The adder bites you. You block the adder's attack.
You miss the adder.
The adder is severely wounded.
The adder misses you. The adder bites you.
You are poisoned.
The adder poisons you!
You miss the adder.
The adder is severely wounded.
The adder bites you.
You are more poisoned.
The adder poisons you! The adder bites you.
You slash the adder!
You kill the adder!
No target in view!
No target in view!
No target in view!
No target in view!
No target in view!
No target in view!
t - a scroll labelled SUFIGG URUPH You are no longer poisoned.
k - 2 scrolls labelled LEUR BIRYBB (gained 1)
Found a runed morningstar.
p - 3 fuming blue potions (gained 1)
m - 125 stones (gained 27)
Found a robe.
An ogre comes into view. It is wielding a +0 giant club.
The ogre shouts!
An ogre is nearby!
You aren't carrying any items that you can evoke.
Unknown command.
Okay, then.
You slash the ogre!
The ogre is moderately wounded.
The ogre hits you with a +0 giant club. The ogre hits you with a +0 giant club!
* * * LOW HITPOINT WARNING * * *
You hit the ogre but do no damage.
The ogre is moderately wounded.
The ogre hits you with a +0 giant club!
You die...

..##
#.........#.####.#
...#
#................#
##.#
#.........#.######
##.# #.........#.#
...# #.........#.#
#### #.[.......#.#
#.........#.# *
#########.# * #@#
#O# * #.# , ,, #.#
* *** #.# , ..# *
⌠ * **### * *


You could see an ogre.

Vanquished Creatures
  6 adders
  A gnoll (D:1)
  6 orcs (D:3)
  9 endoplasms
  6 goblins
  4 hobgoblins
  2 jackals (D:1)
  4 kobolds
  2 quokkas
  4 ball pythons
  7 bats
  5 frilled lizards
  A jackal skeleton (D:4)
  6 rats
63 creatures vanquished.

Vanquished Creatures (others)
  2 withered plants (D:1)
2 creatures vanquished.

Grand Total: 65 creatures vanquished

Notes
Turn   | Place    | Note
-------+----------+-------------------------------------------
     0 | D:1      | hatdisgam the Deep Dwarf Fighter began the quest for the
                  | Orb.
     0 | D:1      | Reached XP level 1. HP: 20/20 MP: 1/1
    64 | D:1      | Reached XP level 2. HP: 10/27 MP: 2/2
   168 | D:1      | Reached skill level 1 in Dodging
   333 | D:1      | Found a faded altar of an unknown god.
   667 | D:1      | Reached XP level 3. HP: 25/33 MP: 3/3
  1508 | D:2      | Reached XP level 4. HP: 30/40 MP: 4/4
  1922 | D:3      | Found a hazy altar of Hepliaklqana.
  1946 | D:3      | Found a sacrificial altar of Ru.
  2671 | D:4      | Noticed an ogre
  2676 | D:4      | Slain by an ogre

Illustrated notes

Levels and vault maps discovered:
D:1:      lightli_arrival_isolated_outpost, layout_loops_corners,
          ebering_ecumenical_altar_petrified
D:2:      layout_basic, minmay_misc_feat_cross
D:3:      layout_basic, mainiacjoe_overflow_catch_the_wave,
          corexii_hall_statues_l, minmay_distorted
D:4:      layout_basic, minmay_temple_entry_hall, mrwooster_statue_mirror,
          hangedman_decor_slide_cut

Skill      XL: |  1  2  3  4 |
---------------+-------------+-----
Dodging        | 1 2 |  2.2
Axes           | 3 4 |  4.3
Shields        | 4 |  4.2
Fighting       | |  2.6
Armour         | |  3.2

Action                   |  1- 3 |  4- 6 || total
-------------------------+-------+-------++-------
Melee: War axe           |   137 |    96 ||   233
 Abil: Heal Wounds       |     2 |       ||     2
Armor: Scale mail        |    81 |    55 ||   136
Dodge: Dodged            |    53 |    33 ||    86
Block: Kite shield       |    73 |    73 ||   146
